← All builds
Suicide front / Armada / Factory first / OBSERVED BUILD

Standard suicide front

Armada Suicide front build order · Supreme Isthmus

The role's baseline: Bot Lab at 0:21 then straight into reclaim-fed T1 bot production to contest the middle and hold until T2 arrives, with an Advanced Metal Extractor around 9:45.

#rush · 2170 distinct matches · 250 players · 72% of Armada Suicide front games · team won 58% of 2554 · Recently observed

HOW TO PLAY IT

Key timing: Bot Lab by 0:20

  1. Open with mex and lab-first to get Bot Lab up by 0:20.
  2. Expand mex and wind while lab pumps units toward middle.
  3. Push Sentry and early Rocketeer, Centurion to contest middle.
  4. Get T2 constructor out once Pond's boost lets you spare metal.
  5. Upgrade mex to Advanced Metal Extractor as you transition off T1 spam.

Phase by phase

TYPICAL OF ITS 2170 GAMES
  1. 1
  2. 2
  3. 3
PLAY THE OPENING

Follow the example game's first 6:00 step by step: what to build now, what comes next, and where it goes. At 1× it keeps pace with your own game.

  1. 1

    Bot Lab first

    Order
    1. Bot LabBot Lab done ~0:26, middle half 0:20–0:33

    Some games also: mex (46%)

  2. 2

    Bot Lab to 5:00

    Economy
    • Metal Extractor5Mex
    • Wind Turbine4Wind
    Builders
    • Construction Bot3 Con bot
    • Lazarus2 Lazarus
    Army
    • Sentry4 Sentry
    • Rocketeer16 Rocketeer
    • Tick2 Tick
    • Centurion1 Centurion
    Other
    • Radar Tower1 Radar Tower

    Some games also: pawn (39%) · con turret (34%)

    By 5:00 in all: 5 mex · 4 wind

    The example game in this phase · 34 steps
    1. LazarusLazarus
    2. Construction BotCon bot
    3. Wind
    4. Construction BotCon bot
    5. SentrySentry
    6. TickTick
    7. CenturionCenturion
    8. Mex
    9. MaceMace
    10. Mex ×2
    11. RocketeerRocketeer
    12. SentrySentry
    13. RocketeerRocketeer
    14. SentrySentry
    15. RocketeerRocketeer
    16. Radar TowerRadar Tower
    17. RocketeerRocketeer
    18. CenturionCenturion
    19. BeamerBeamer
    20. SentrySentry
    21. RocketeerRocketeer
    22. PawnPawn
    23. RocketeerRocketeer
    24. CenturionCenturion
    25. RocketeerRocketeer ×2
    26. SentrySentry
    27. RocketeerRocketeer
    28. Mex
    29. RocketeerRocketeer
    30. BeamerBeamer
    31. SentrySentry
    32. RocketeerRocketeer ×2
    33. Wind
    34. RocketeerRocketeer
  3. 3

    5:00 to 10:00

    Economy
    • Metal Extractor1Mex
    • Wind Turbine15Wind
    Builders
    • Construction Turret2 Con turret
    • Lazarus2 Lazarus
    • Construction Bot1 Con bot
    Army
    • Sentry1 Sentry
    • Rocketeer8 Rocketeer

    Some games also: pawn (48%) · Radar Tower (46%) · centurion (43%) · tick (43%) · energy storage (42%) · eat Bot Lab (31%)

    By 10:00 in all: 6 mex · 21 wind · 1 energy storage · 2 con turret

    The example game in this phase · 18 steps
    1. TickTick
    2. Wind
    3. TickTick
    4. RocketeerRocketeer
    5. LazarusLazarus ×2
    6. Wind
    7. Con turret
    8. LazarusLazarus
    9. Construction BotCon bot
    10. Wind
    11. NettleNettle
    12. Wind
    13. Construction BotCon bot
    14. Wind
    15. LazarusLazarus
    16. GauntletGauntletnot finished by 15:00
    17. Wind
    18. RocketeerRocketeer ×2

Counts are medians over the build's games: half of them build more, half fewer. The example game is transientfocus1's (30 OS, 04/08/2026); pick another.

Team trades

IN AT LEAST 30% OF ITS GAMES

You hand over

Nothing regular.

You get

  • Tidal Generator4 Tidal from Pondfirst at 0:11 · in 68% of games
  • Advanced Construction Bot1 T2 con bot from Geo or Techfirst at 7:44 · in 57% of games

How it plays out

Typical game of this build, running totals by minute

Metal produced

010k20k
0:005:0010:0015:00

metal

Enemy metal destroyed

05k10k
0:005:0010:0015:00

metal

Own metal lost

05k10k
0:005:0010:0015:00

metal

2554 games.

Show as table
ByMetal produced: This buildEnemy metal destroyed: This buildOwn metal lost: This build
1:0023000
2:0088700
3:002005191130
4:003107645505
5:0041861353992
6:00535021941688
7:00654530602565
8:00774939383460
9:00902647064349
10:001037253195134
11:001183958725911
12:001352064276643
13:001533668897408
14:001722575128186
15:001916181368968
WHAT THE NUMBERS SAY

Standard Suicide front play wins a bit over half its games while taking the heaviest own losses of any role by 15:00.

  • + Produces 20142 metal by 15:00, highest of the front roles.
  • + First kill by 2:01 in all games, fastest contest of middle.
  • − Own metal lost hits 9178 by 15:00, more than enemy metal destroyed.
  • − Only 34% Rocketeer share shows army spread thin across many bot types.
THE EXAMPLE YOU ARE READING

transientfocus1

30.4 OS · 04/08/2026

Open source match ↗

11 received units
21 metal received · 1502 energy received

Allied construction assistance is unknown. Timings are observations, not a promise of solo reproducibility.

Typical milestones

Bot Lab0:26Middle 50%: 0:20–0:33 · n=2546
Advanced Metal Extractor9:48Middle 50%: 8:51–11:00 · n=1830

Played most by

_X_264games of this buildPlatinumBlonde188games of this buildXad165games of this buildTrapCaT111games of this buildImmort80games of this build